 Dungeon Crawl Stone Soup version 0.21-a0-104-g7b58145 (webtiles) character file.

37319 Duffy the Severer (level 14, -4/106 HPs)
             Began as a Formicid Skald on July 5, 2017.
             Was a Priest of Qazlal.
             Slain by an 11-headed hydra (5 damage)
             ... on level 6 of the Lair of Beasts.
             The game lasted 00:30:53 (25915 turns).

Duffy the Severer (Formicid Skald)                 Turns: 25915, Time: 00:30:54

Health: -4/106     AC: 19    Str: 23    XL:     14   Next: 28%
Magic:  4/20       EV:  8    Int: 13    God:    Qazlal [***...]
Gold:   1496       SH: 26    Dex: 10    Spells: 9/17 levels left

rFire    . . .     SeeInvis +   i - +1 war axe
rCold    . . .     Gourm    .   x - +1 large shield
rNeg     . . .     Faith    .   v - +0 plate armour
rPois    .         Spirit   .   (helmet unavailable)
rElec    +         Reflect  +   (no cloak)
rCorr    .         Harm     .   o - +0 pair of gloves
MR       +....                  P - +0 pair of boots
Stlth    ..........             u - amulet "Hurr" {Reflect rElec Str+2 SH+2}
HPRegen  0.27/turn              t - +2 ring of evasion
MPRegen  0.17/turn              F - +3 ring of protection

@: lethally poisoned (-4 -> -5)
A: permanent stasis, dig shafts and tunnels, four strong arms, antennae 3
a: Dig, Shaft Self, Upheaval, Elemental Force, Renounce Religion


You were on level 6 of the Lair of Beasts.
You worshipped Qazlal.
Qazlal was most pleased with you.
You were hungry.

You visited 4 branches of the dungeon, and saw 20 of its levels.

You collected 1734 gold pieces.
You spent 238 gold pieces at shops.

Inventory:

Hand Weapons
 a - a +0 hand axe
 i - a +1 war axe (weapon)
Missiles
 M - a throwing net (quivered)
Armour
 o - a +0 pair of gloves (worn)
 v - a +0 plate armour (worn)
 x - a +1 large shield (worn)
 P - a +0 pair of boots (worn)
 Q - a +0 chain mail of cold resistance
Jewellery
 k - an uncursed ring of fire
 t - a +2 ring of evasion (left hand)
 u - the amulet "Hurr" (around neck) {Reflect rElec Str+2 SH+2}
   (You took it off a spriggan on level 6 of the Lair of Beasts)

   [amulet of reflection]

   It shields you and reflects attacks.
   It affects your strength (+2).
   It insulates you from electricity.
   It affects your SH (+2).
 F - a +3 ring of protection (right hand)
Wands
 b - a wand of acid (0/15)
 C - a wand of random effects (20/48)
 J - a wand of iceblast (1/15)
 N - a wand of disintegration (6/24)
 T - a wand of disintegration (12/24)
 V - a wand of flame (22/48)
 X - a wand of confusion (28/48)
 Y - a wand of polymorph (6/24)
Scrolls
 c - 5 scrolls of fear
 j - 3 scrolls of fog
 m - a scroll of immolation
 r - 8 scrolls of remove curse
 s - 2 scrolls of magic mapping
 w - a scroll of identify
 y - 2 scrolls of enchant weapon
 A - a scroll of summoning
 B - 4 scrolls of enchant armour
 K - a scroll of vulnerability
 L - 2 scrolls of recharging
 S - a scroll of acquirement
Potions
 e - 5 potions of might
 f - 6 potions of lignification
 l - 2 potions of cancellation
 n - 9 potions of curing
 p - 3 potions of flight
 z - 4 potions of mutation
 D - 4 potions of heal wounds
 G - a potion of magic
 W - a potion of resistance
 Z - a potion of ambrosia {unknown}
Miscellaneous
 I - a sack of spiders
 U - a phial of floods
Comestibles
 d - 3 bread rations
 h - 10 meat rations
 q - 37 fruits
 H - 4 royal jellies


   Skills:
 - Level 8.9 Fighting
 + Level 15.9 Axes
 - Level 9.0 Armour
 - Level 1.7 Dodging
 - Level 11.6 Shields
 - Level 2.1 Spellcasting
 - Level 3.0 Charms
 - Level 8.3 Invocations
 - Level 6.0 Evocations


You had 9 spell levels left.
You knew the following spells:

 Your Spells              Type           Power        Failure   Level  Hunger
b - Regeneration          Chrm/Necr      #.........   100%        3    ####...
c - Spectral Weapon       Hex/Chrm       #.......     100%        3    ####...
d - Song of Slaying       Chrm           #.......     97%         2    ###....


Dungeon Overview and Level Annotations

Branches:
Dungeon (12/15)            Temple (1/1) D:7            Lair (6/6) D:8
  Swamp (0/4) Lair:2       Spider (0/4) Lair:2        Slime (0/5) Lair:6
    Orc (1/2) D:12

Altars:
Ashenzari
Cheibriados
Dithmenos
Elyvilon
Fedhas
Gozag
Hepliaklqana
Kikubaaqudgha
Makhleb
Nemelex Xobeh
Okawaru
Qazlal
Ru
Sif Muna
Trog
Uskayaw
Vehumet
Wu Jian
Xom
Yredelemnul
Zin
The Shining One

Shops:
Orc:1 *


Innate Abilities, Weirdness & Mutations

You cannot be hasted, slowed, berserked, paralysed or teleported.
You can dig through walls and to a lower floor.
Your four strong arms can wield two-handed weapons with a shield.
You have a pair of large antennae on your head. (SInv)


Message History

The 11-headed hydra is almost dead.
The 11-headed hydra is flash-frozen.
You block the 11-headed hydra's attack. x2
The 11-headed hydra bites you.
The 11-headed hydra bites you but does no damage.
You block the 11-headed hydra's attack.
The 11-headed hydra bites you but does no damage.
The 11-headed hydra bites you.
The 11-headed hydra barely misses you. x2
The 11-headed hydra bites you!
The 11-headed hydra bites you but does no damage.
Aiming: Upheaval
Press: ? - help, Dir - move target cursor The ground shakes violently, spewing rubble!
The storm surrounding you is now too weak to repel missiles.
You no longer adapt resistances upon receiving elemental damage.
The 11-headed hydra bites you but does no damage.
You block the 11-headed hydra's attack.
The 11-headed hydra bites you but does no damage. x2
The 11-headed hydra bites you. x2; The 11-headed hydra barely misses you. x2
You block the 11-headed hydra's attack. The 11-headed hydra bites you.
You die...

##.......#..##
##..####.....#
######.#....## #
##P......#
####.......##
..#.......###
P.....#.....###
P#.#.###...##~####
#######..#...#%D@#
#...#.######
##...## #h.##
#..#.# ##..#7 ...
777.. 7{


You could see a 11-headed hydra.

Vanquished Creatures
  7 hydras
  2 two-headed ogres
  A tengu warrior (D:12)
  An orc sorcerer (Orc:1)
  An ugly thing (D:12)
  2 manticores (D:12)
  A centaur zombie (D:10)
  4 black mambas
  Joseph (D:7)
  9 spiny frogs
  A centaur skeleton (D:11)
  5 komodo dragons
  A troll (D:12)
  A jumping spider (Lair:2)
  3 hippogriffs
  3 hornets (Lair:6)
  13 blink frogs
  A slime creature (D:11)
  A wraith (D:12)
  22 yaks
  8 spriggans (Lair:6)
  A redback (Lair:2)
  4 wyverns
  A basilisk (Lair:1)
  2 wargs
  An acid dragon (D:10)
  6 porcupines
  14 water moccasins
  4 ice beasts
  15 orc warriors
  7 ogres
  A sky beast (D:10)
  4 black bears
  2 phantoms (D:7)
  A boggart (Lair:6)
  A necrophage (D:9)
  23 wolves
  9 centaurs
  15 crocodiles
  A big kobold (D:10)
  10 bullfrogs
  A wyvern zombie (D:11)
  16 jellies
  3 scorpions
  16 killer bees
  A howler monkey (D:4)
  7 crimson imps
  2 bullfrog zombies (D:5)
  A quasit (D:5)
  18 orc wizards
  A bullfrog skeleton (D:7)
  12 orc priests
  6 hounds
  Jessica (D:2)
  4 iguanas
  11 worker ants
  Natasha (thrice) (D:2)
  A statue (D:9)
  2 hound skeletons
  3 hound zombies
  A worker ant zombie (D:8)
  Robin (D:2)
  4 gnolls
  20 adders
  3 shadow imps
  An adder skeleton (D:6)
  4 worms
  6 dart slugs
  4 leopard geckos
  60 orcs
  5 bats
  7 giant cockroaches
  13 goblins
  10 hobgoblins
  15 jackals
  10 kobolds
  6 quokkas
  A ball python (D:5)
  6 frilled lizards
  A jackal skeleton (D:6)
  A leopard gecko zombie (D:5)
  3 quokka zombies
  9 rats
  A butterfly (Lair:6)
  2 fungi
  A plant (D:12)
514 creatures vanquished.

Vanquished Creatures (others)
  A goblin (D:1)
  A frilled lizard (D:1)
  7 fungi (Lair:6)
  6 plants
15 creatures vanquished.

Grand Total: 529 creatures vanquished

Notes
Turn   | Place    | Note
-------+----------+-------------------------------------------
     0 | D:1      | Duffy the Formicid Skald began the quest for the Orb.
     0 | D:1      | Reached XP level 1. HP: 16/16 MP: 3/3
   152 | D:1      | Reached XP level 2. HP: 21/22 MP: 5/5
   345 | D:1      | Reached skill level 3 in Axes
   659 | D:1      | Reached XP level 3. HP: 26/27 MP: 6/6
  1323 | D:2      | Noticed Natasha
  1467 | D:2      | Found a faded altar of an unknown god.
  1561 | D:2      | Reached skill level 4 in Axes
  1561 | D:2      | Reached XP level 4. HP: 24/33 MP: 7/7
  1887 | D:2      | Noticed Jessica
  1903 | D:2      | Killed Jessica
  2216 | D:2      | Reached skill level 12 in Axes
  2216 | D:2      | Reached XP level 5. HP: 36/38 MP: 8/8
  2330 | D:3      | Reached XP level 6. HP: 44/45 MP: 9/9
  2461 | D:3      | Found a snail-covered altar of Cheibriados.
  2495 | D:3      | Learned a level 3 spell: Regeneration
  2499 | D:3      | Learned a level 3 spell: Spectral Weapon
  2502 | D:3      | Learned a level 2 spell: Song of Slaying
  3515 | D:4      | Reached XP level 7. HP: 44/53 MP: 10/10
  3691 | D:4      | Found a burning altar of Makhleb.
  4255 | D:5      | Entered Level 5 of the Dungeon
  4311 | D:5      | Found a sacrificial altar of Ru.
  4513 | D:5      | Reached skill level 5 in Fighting
  4513 | D:5      | Reached skill level 1 in Shields
  4790 | D:4      | Reached XP level 8. HP: 44/62 MP: 11/11
  6456 | D:6      | Reached XP level 9. HP: 70/71 MP: 12/12
  6796 | D:7      | Reached skill level 5 in Shields
  7369 | D:7      | Noticed Joseph
  7400 | D:7      | Killed Joseph
  7699 | D:7      | Found a staircase to the Ecumenical Temple.
  7710 | Temple   | Entered the Ecumenical Temple
  9109 | D:2      | Killed Natasha
  9276 | D:2      | Noticed Robin
  9289 | D:2      | Killed Robin
  9494 | D:2      | Noticed Natasha
  9501 | D:2      | Killed Natasha
  9611 | D:2      | Found a faded altar of an unknown god.
  9690 | D:2      | Noticed Natasha
  9691 | D:2      | Killed Natasha
  9691 | D:2      | Reached XP level 10. HP: 79/79 MP: 13/13
  9980 | D:8      | Found a stormy altar of Qazlal.
  9986 | D:8      | Became a worshipper of Qazlal Stormbringer
 10382 | D:8      | Found a staircase to the Lair.
 10727 | D:9      | Found a sacrificial altar of Ru.
 10727 | D:9      | Found a white marble altar of Elyvilon.
 10732 | D:9      | Found a deep blue altar of Sif Muna.
 10734 | D:9      | Found a hazy altar of Hepliaklqana.
 10736 | D:9      | Found an opulent altar of Gozag.
 10992 | D:9      | Found a radiant altar of Vehumet.
 11301 | D:9      | Found a shattered altar of Ashenzari.
 11950 | D:9      | Reached skill level 5 in Armour
 12191 | D:10     | Entered Level 10 of the Dungeon
 12350 | D:10     | Noticed a two-headed ogre
 12365 | D:10     | Killed a two-headed ogre
 13056 | D:10     | Reached * piety under Qazlal
 13056 | D:10     | Reached XP level 11. HP: 68/84 MP: 14/14
 13727 | D:11     | Reached skill level 10 in Shields
 13764 | D:11     | Reached ** piety under Qazlal
 15039 | D:11     | Reached skill level 1 in Invocations
 15039 | D:11     | Reached skill level 1 in Evocations
 15246 | D:12     | Found a staircase to the Orcish Mines.
 15328 | D:12     | Noticed a manticore
 15354 | D:12     | Killed a manticore
 15812 | D:12     | Noticed a two-headed ogre
 15821 | D:12     | Killed a two-headed ogre
 15821 | D:12     | Reached skill level 5 in Invocations
 15886 | D:12     | Noticed a tengu warrior
 15922 | D:12     | Killed a tengu warrior
 15922 | D:12     | Reached skill level 5 in Evocations
 15922 | D:12     | Reached XP level 12. HP: 27/91 MP: 14/16
 16371 | D:12     | Reached *** piety under Qazlal
 17056 | Orc:1    | Entered Level 1 of the Orcish Mines
 17481 | Orc:1    | Found Sioxtihi's Assorted Antiques.
 17591 | Orc:1    | Bought a scroll labeled BOFUF OCWOJEONO for 34 gold pieces
 17591 | Orc:1    | Bought a scroll labeled FEQYAQ TOUMAO for 34 gold pieces
 17591 | Orc:1    | Bought 3 scrolls labeled HEEC CULECAKHLOUR for 102 gold pieces
 17591 | Orc:1    | Bought a scroll of identify for 68 gold pieces
 18052 | Lair:1   | Entered Level 1 of the Lair of Beasts
 19660 | Lair:2   | Identified the Incunabulum of the Blaze and Curses
 19722 | Lair:2   | Found a hole to the Spider Nest.
 19972 | Lair:2   | You fall through a shaft for 2 floors!
 20100 | Lair:4   | Noticed a four-headed hydra
 20105 | Lair:4   | Killed a four-headed hydra
 20105 | Lair:4   | Reached XP level 13. HP: 99/99 MP: 18/18
 20467 | Lair:2   | Noticed a six-headed hydra
 20470 | Lair:2   | Killed a six-headed hydra
 20520 | Lair:2   | Found a staircase to the Swamp.
 20976 | Lair:3   | Reached **** piety under Qazlal
 21126 | Lair:3   | You fall through a shaft!
 22163 | Lair:4   | Reached skill level 13 in Axes
 22367 | Lair:4   | Noticed a four-headed hydra
 22373 | Lair:4   | Killed a four-headed hydra
 23230 | Lair:6   | Entered Level 6 of the Lair of Beasts
 23346 | Lair:6   | Noticed a four-headed hydra
 23353 | Lair:6   | Killed a four-headed hydra
 23353 | Lair:6   | Reached skill level 14 in Axes
 23358 | Lair:6   | Noticed a seven-headed hydra
 23375 | Lair:5   | Killed a seven-headed hydra
 24066 | Lair:6   | Reached ***** piety under Qazlal
 24195 | Lair:6   | Noticed a four-headed hydra
 24204 | Lair:6   | Killed a four-headed hydra
 24352 | Lair:5   | Reached skill level 15 in Axes
 24352 | Lair:5   | Reached XP level 14. HP: 78/106 MP: 20/20
 24980 | Lair:6   | Found a staircase to the Slime Pits.
 25592 | Lair:6   | Got a glittering pewter amulet
 25633 | Lair:6   | Identified the amulet "Hurr" {Reflect rElec Str+2 SH+2} (You took it off a spriggan on level 6 of the Lair of Beasts)
 25915 | Lair:6   | HP: 5/106 [11-headed hydra (4)]
 25915 | Lair:6   | HP: 1/106 [11-headed hydra (4)]
 25915 | Lair:6   | Slain by an 11-headed hydra

Vault maps used:
D:1:      eino_arrival_water_star, lemuel_old_faithful
D:2:      chequers_ecumenical_altar_island, minmay_split_cup_large,
          uniq_natasha, uniq_robin, uniq_jessica
D:3:      minmay_liquid_box, serial_bayou_ford_a, cheibriados_altar_1
D:4:      nicolae_overflow_hidden_temple
D:5:      first_bread, grunt_ministairs_15, abandoned_shop,
          nicolae_ru_great_annihilating_truth
D:7:      minmay_temple_entry_butterflies, uniq_joseph
D:8:      grunt_qazlal_sundering, lair_entry_dummy
D:9:      vehumet_statue, chequers_temple_overflow_minitemple,
          nicolae_overflow_crystal_walls
D:12:     erik_orc_3, grunt_tengu_nest
Temple:   nicolae_temple_figure_eight
Lair:1:   st_stairs_7
Lair:2:   minmay_swamp_entry_reptiles, spider_nest_entry_funnel_web,
          infiniplex_staircase_pool
Lair:4:   cheibrodos_lair_river_kwai
Lair:5:   lemuel_fruit_fields, grunt_megastairs_4
Lair:6:   minmay_lair_end_enchanted_forest, minmay_slime_entry_jelly_boxes
Orc:1:    serial_shops, nicolae_shop_waterfront

Skill      XL: |  1  2  3  4  5  6  7  8  9 10 11 12 13 |
---------------+----------------------------------------+-----
Axes           | 3 4 12 15 | 15.9
Fighting       | 3 5 6 7 8 |  8.9
Shields        | 1 4 6 9 10 11 | 11.6
Armour         | 2 6 7 8 9 |  9.0
Invocations    | 5 7 8 |  8.3
Evocations     | 5 6 |  6.0
Dodging        | |  1.7
Spellcasting   | |  2.1
Charms         | |  3.0

Action                   |  1- 3 |  4- 6 |  7- 9 | 10-12 | 13-15 || total
-------------------------+-------+-------+-------+-------+-------++-------
Melee: Hand axe          |   126 |    97 |    94 |       |       ||   317
       Dagger            |       |    27 |       |       |       ||    27
       War axe           |       |       |   430 |  1131 |   499 ||  2060
Invok: Upheaval          |       |       |       |     2 |    10 ||    12
 Abil: Dig               |     2 |     7 |     6 |    10 |     8 ||    33
Evoke: Wand              |       |       |       |     8 |    20 ||    28
  Use: Scroll            |       |     8 |     5 |    17 |     6 ||    36
       Potion            |       |     1 |     2 |     1 |       ||     4
 Stab: Paralysed         |       |       |     1 |       |       ||     1
  Eat: Chunk             |     2 |     3 |    12 |    25 |     8 ||    50
       Bread ration      |       |     1 |     2 |     3 |     2 ||     8
Armor: Leather armour    |    37 |    19 |    51 |       |       ||   107
       Chain mail        |       |       |    77 |    62 |       ||   139
       Skin              |       |       |    10 |       |       ||    10
       Plate armour      |       |       |       |   199 |   146 ||   345
Dodge: Dodged            |    79 |    72 |   119 |   148 |    85 ||   503
Block: Large shield      |       |       |   287 |   999 |   615 ||  1901
